 Dungeon Crawl Stone Soup version 0.31.0-9-g3a7656b989 (webtiles) character file.

Game seed: 8540023113807887841

235 qw the Ducker (level 5, -4/26 HPs)
             Began as a Spriggan Hunter on Feb 2, 2024.
             Slain by an orc priest
             ... wielding a +0 short sword of electrocution
              (18 damage)
             ... on level 3 of the Dungeon.
             The game lasted 00:00:05 (1549 turns).

qw the Ducker (Spriggan Hunter)                     Turns: 1549, Time: 00:00:05

Health: -4/26      AC:  2    Str:  7    XL:     5   Next: 76%
Magic:  6/6        EV: 22    Int: 11    God:
Gold:   80         SH:  0    Dex: 20    Spells: 4/4 levels left

rFire   . . .        a - +0 shortbow
rCold   . . .        (shield currently unavailable)
rNeg    . . .        c - +0 robe
rPois   .            (helmet restricted)
rElec   .            (no cloak)
rCorr   .            (gloves unavailable)
SInv    +            (boots unavailable)
Will    .....        (no amulet)
Stlth   ++           (no ring)
HPRegen 0.24/turn    (no ring)
MPRegen 0.10/turn

%: no passive effects
@: very quick
A: very small, no large weapons, unfitting armour, see invisible, speed 3
a: no special abilities


You were on level 3 of the Dungeon.
You visited 1 branch of the dungeon, and saw 3 of its levels.

You collected 80 gold pieces.


Innate Abilities, Weirdness & Mutations

You are very small and have problems with some larger weapons.
You are too small for most types of armour.
You have supernaturally acute eyesight. (SInv)
You cover ground extremely quickly. (Speed+++)


   Skills:
 + Level 1.7 Fighting
 - Level 5.0 Ranged Weapons
 - Level 6.9 Dodging
 - Level 1.5 Stealth


You had 4 spell levels left.
You didn't know any spells.
Your spell library was empty.

Inventory:

Hand Weapons
 a - a +0 shortbow (weapon)
Armour
 c - a +0 robe (worn)
Jewellery
 e - a +4 ring of slaying {mikee}
Potions
 b - a potion of haste
 d - a potion of curing
 f - a potion of heal wounds

Dungeon Overview and Level Annotations

Branches:
Dungeon (3/15)

Altars:


Message History

An orc comes into view. It is wielding a +0 mace.
You shoot an arrow. The arrow barely misses the orc priest.
The orc shouts!
The orc priest shouts!
An orc comes into view.
It is wielding a +1 hand axe of flaming.
You shoot an arrow. The arrow closely misses the orc.
The orc shouts!
You shoot an arrow. The arrow hits the orc.
The orc is lightly wounded.
You shoot an arrow. The arrow hits the orc.
The orc is almost dead.
The orc priest calls down the wrath of Beogh upon you.
Beogh smites you!
You shoot an arrow. The arrow hits the orc.
You kill the orc!
You shoot an arrow. The arrow hits the orc priest.
The orc priest is lightly wounded.
You shoot an arrow. The arrow barely misses the orc priest.
The orc completely misses you.
The orc priest looks encouraged for a moment.
You shoot an arrow.
The arrow closely misses the orc priest.
The orc closely misses you. The orc priest completely misses you.
You shoot an arrow.
The arrow closely misses the orc priest.
The orc closely misses you. The orc priest completely misses you.
You shoot an arrow.
The arrow closely misses the orc priest.
The orc completely misses you. The orc priest misses you.
You shoot an arrow.
The arrow completely misses the orc priest.
The orc closely misses you. The orc priest completely misses you.
You shoot an arrow. The arrow hits the orc priest.
The orc priest is heavily wounded.
The orc completely misses you.
The orc priest begins to cast a cantrip, but forgets the words!
The orc misses you.
The orc priest hits you with a +0 short sword of electrocution.
You are electrocuted!!
Ouch! That really hurt!
You die...

##.# ...# ..#.#..
#### ### #.#)#) .
..# ####...#. #.#
#.......## #.#
#........## #.#
#......... #.#
#.....oo# #.#
#.....@.# ######.#
######'##
.......####### #.#
..%..........###.#
....)...[....'...#
.............#####
.............#
######.......#
#.......#


You could see an orc priest and an orc.

Vanquished Creatures
  Sigmund (D:2)
  An adder (D:2)
  A dart slug (D:1)
  2 ribbon worms
  2 orcs (D:3)
  2 bats
  5 endoplasms (D:1)
  A giant cockroach (D:1)
  9 goblins
  6 hobgoblins
  3 jackals (D:1)
  2 kobolds
  4 quokkas (D:1)
  5 ball pythons
  2 frilled lizards (D:2)
  5 rats
51 creatures vanquished.

Notes
Turn   | Place    | Note
-------+----------+-------------------------------------------
     0 | D:1      | qw the Spriggan Hunter began the quest for the Orb.
     0 | D:1      | Reached XP level 1. HP: 10/10 MP: 2/2
     0 | D:1      | 0 ||| qw: Version: 0.3-a-155-g5e7d8dd
     0 | D:1      | 0 ||| qw: Game counter: 878
     0 | D:1      | 0 ||| qw: Melee chars always use a shield: true
     0 | D:1      | 0 ||| qw: God list: Okawaru
     0 | D:1      | 0 ||| qw: Allow faded altars: false
     0 | D:1      | 0 ||| qw: Do Orc after clearing Dungeon:15 true
     0 | D:1      | 0 ||| qw: Do second Lair branch before Depths: true
     0 | D:1      | 0 ||| qw: Lair rune preference: random
     0 | D:1      | 0 ||| qw: Goals: Normal
     0 | D:1      | 0 ||| PLANNING D:1-11
    47 | D:1      | Reached skill level 3 in Dodging
   137 | D:1      | Reached XP level 2. HP: 14/14 MP: 3/3
   199 | D:1      | Reached skill level 4 in Dodging
   401 | D:1      | Reached XP level 3. HP: 16/18 MP: 4/4
   598 | D:1      | 598 ||| READING scroll labelled KIKHOS LOMOTH.
   598 | D:1      | 598 ||| IDENTIFYING fizzy blue potion
   599 | D:1      | 599 ||| READING scroll labelled IMUXKY IRERRE.
   600 | D:1      | 600 ||| DROPPING scroll of butterflies.
   700 | D:2      | 700 ||| DROPPING +2 sling of electrocution.
  1238 | D:2      | Noticed Sigmund
  1254 | D:2      | Killed Sigmund
  1255 | D:2      | Reached skill level 6 in Dodging
  1255 | D:2      | Reached XP level 4. HP: 17/22 MP: 5/5
  1255 | D:2      | Reached XP level 5. HP: 20/25 MP: 6/6
  1424 | D:2      | 1424 ||| READING scroll of identify.
  1424 | D:2      | 1424 ||| IDENTIFYING cyan potion
  1425 | D:2      | 1425 ||| READING scroll labelled JOOCIVV WEQUD.
  1426 | D:2      | 1426 ||| READING scroll labelled VONIUTRODD.
  1430 | D:2      | 1430 ||| DRINKING 2 puce potions.
  1549 | D:3      | Slain by an orc priest

Levels and vault maps discovered:
D:1:      eino_arrival_water_cross, layout_loops_ring
D:2:      layout_basic, uniq_sigmund
D:3:      layout_basic

Skill      XL: |  1  2  3 |
---------------+----------+-----
Dodging        | 3 4 6 |  6.9
Ranged Weapons | 5 |  5.0
Fighting       | |  1.7
Stealth        | |  1.5

Action                     |  1- 3 |  4- 6 || total
---------------------------+-------+-------++-------
   Fire: Shortbow          |   123 |    24 ||   147
    Use: Scroll            |     2 |     3 ||     5
         Potion            |       |     1 ||     1
 Armour: Robe              |    10 |     1 ||    11
  Dodge: Dodged            |    36 |    11 ||    47

Table legend:
 A = Non-vault XP
 B = Vault XP
 C = Vault XP percentage of total XP
 D = Non-vault monster count
 E = Vault monster count
 F = Vault count percentage of total count
                 A         B        C        D         E       F
            +---------+---------+-------+---------+---------+-------
      Total |     106 |     231 |  68.5 |      50 |       1 |   2.0
            +---------+---------+-------+---------+---------+-------
        D:1 |      57 |       0 |   0.0 |      31 |       0 |   0.0
        D:2 |      34 |     231 |  87.2 |      14 |       1 |   6.7
        D:3 |      15 |       0 |   0.0 |       5 |       0 |   0.0
            +---------+---------+-------+---------+---------+-------
